 Dungeon Crawl Stone Soup version 0.26-a0-466-g989023bd0d (webtiles) character file.

Game seed: 4287654406142084646

24469 Mesmaeker13 the Summoner (level 12, -1/93 HPs)
             Began as a White Draconian Summoner on Aug 11, 2020.
             Was a Priest of Ashenzari.
             Slain by a cane toad (18 damage)
             ... on level 6 of the Lair of Beasts.
             The game lasted 00:49:11 (25852 turns).

Mesmaeker13 the Summoner (DrSu)                    Turns: 25852, Time: 00:49:12

Health: -1/93      AC: 12    Str: 11    XL:     12   Next: 80%
Magic:  24/24      EV: 14    Int: 20    God:    Ashenzari [***...]
Gold:   966        SH: 10    Dex: 12    Spells: 15/28 levels left

rFire    + . .     SeeInvis +   l - +2 trident
rCold    + + .     Faith    .   s - +0 kite shield
rNeg     + . .     Spirit   .   (armour unavailable)
rPois    +         Reflect  .   (helmet restricted)
rElec    .         Harm     .   H - scarf {rC+ rF+} (curse)
rCorr    .                      F - +2 pair of gloves
MR       .....                  q - +0 pair of boots
Stlth    ++........             o - amulet of magic regeneration
HPRegen  0.25/turn              r - ring of positive energy
MPRegen  0.44/turn              I - ring of poison resistance

@: no status effects
A: breathe frost, unfitting armour, cold resistance 1, cold-blooded, AC +8
a: Breathe Frost, Curse Item, Scrying, Renounce Religion


You were on level 6 of the Lair of Beasts.
You worshipped Ashenzari.
Ashenzari was most pleased with you.
You visited 3 branches of the dungeon, and saw 17 of its levels.

You collected 966 gold pieces.

Inventory:

Hand Weapons
 g - a +1 dagger of holy wrath
 l - a +2 trident (weapon)
 L - the +11 war axe of Tension {pain, *Rage +Blink Int+2}
   (You found it on level 2 of the Lair of Beasts)

   In the hands of one skilled in necromantic magic, it inflicts extra damage on
   living creatures.
   It affects your intelligence (+2).
   It lets you blink.
   It may make you go berserk in combat.
Armour
 q - a +0 pair of boots (worn)
 s - a +0 kite shield (worn)
 F - a +2 pair of gloves (worn)
 H - a cursed scarf of resistance (worn)
Jewellery
 h - a +6 ring of strength
 o - an amulet of magic regeneration (around neck)
 r - a ring of positive energy (left hand)
 I - a ring of poison resistance (right hand)
 M - an uncursed ring of stealth
 N - an uncursed ring of stealth
 Q - an uncursed amulet of the acrobat
Wands
 j - a wand of disintegration (42)
 m - a wand of acid (6)
 J - a wand of paralysis (2)
 O - a wand of digging (4)
 P - a wand of flame (22)
Scrolls
 f - 2 scrolls of magic mapping
 i - 2 scrolls of teleportation
 n - a scroll of enchant armour
 p - 2 scrolls of silence
 x - a scroll of remove curse
 y - a scroll of torment {unknown}
 z - 2 scrolls of fog
 A - a scroll of amnesia
 B - 3 scrolls of identify
 C - a scroll of blinking
 K - 2 scrolls of enchant weapon
Potions
 a - 2 potions of cancellation
 b - a potion of berserk rage
 c - a potion of stabbing
 e - 3 potions of ambrosia
 k - 5 potions of curing
 t - a potion of brilliance {unknown}
 u - 2 potions of magic
 v - 2 potions of might
 w - 2 potions of mutation {unknown}
 D - 2 potions of heal wounds
 E - 2 potions of flight
 G - 4 potions of haste {unknown}
Miscellaneous
 d - a lightning rod (3/4)


   Skills:
 + Level 4.8 Fighting
 - Level 7.5 Dodging
 - Level 1.7 Stealth
 + Level 8.4 Shields
 + Level 8.8 Spellcasting
 + Level 12.0 Summonings
 - Level 8.1 Ice Magic
 - Level 8.0 Air Magic


You had 15 spell levels left.
You knew the following spells:

 Your Spells              Type           Power        Failure   Level
b - Call Imp              Summ           ######..     1%          2
c - Call Canine Familiar  Summ           ######..     1%          3
d - Summon Ice Beast      Ice/Summ       #####...     2%          4
e - Summon Lightning Spi  Summ/Air       #####...     3%          4

Your spell library contained the following spells:

 Spells                   Type           Power        Failure   Level
 Summon Small Mammal      Summ           ####         1%          1
 Summon Guardian Golem    Hex/Summ       ####....     4%          3
 Animate Skeleton         Necr           #.....       19%         1
 Apportation              Tloc           #.....       19%         1
 Corona                   Hex            #......      19%         1
 Magic Dart               Conj           #...         19%         1
 Mephitic Cloud           Conj/Pois/Air  ###.....     19%         3
 Blink                    Tloc           N/A          26%         2
 Slow                     Hex            #.......     26%         2
 Confusing Touch          Hex            #.......     47%         3
 Conjure Flame            Conj/Fire      #.......     47%         3
 Gell's Gravitas          Tloc           #.........   47%         3
 Metabolic Englaciation   Hex/Ice        ####......   67%         5
 Petrify                  Tmut/Erth      #.......     87%         4
 Yara's Violent Unravell  Hex/Tmut       #.........   99%         5


Dungeon Overview and Level Annotations

Branches:
Dungeon (10/15)            Temple (1/1) D:5            Lair (6/6) D:10
  Swamp (0/4) Lair:2       Spider (0/4) Lair:3        Slime (0/5) Lair:5
    Orc: D:9-12

Altars:
Ashenzari
Cheibriados
Dithmenos
Elyvilon
Fedhas
Gozag
Hepliaklqana
Kikubaaqudgha
Makhleb
Nemelex Xobeh
Okawaru
Qazlal
Ru
Sif Muna
Trog
Uskayaw
Vehumet
Wu Jian
Xom
Yredelemnul
Zin
The Shining One
Jiyva

Shops:
D:9 *

Annotations:
D:9 1 runed translucent door, aaksess's ghost, novice DDHu
D:10 3 runed translucent doors, vurker's ghost, journeyman MiHu


Innate Abilities, Weirdness & Mutations

You can breathe waves of freezing cold.
You can buffet flying creatures when you breathe cold.
Your icy white scales are hard. (AC +8)
You cannot fit into any form of body armour.
Your flesh is cold resistant. (rC+)
You are cold-blooded and may be slowed by cold attacks.


Message History

You puncture the cane toad!
The cane toad is severely wounded.
You block the cane toad's attack.
You hit the cane toad.
The cane toad is almost dead.
The cane toad stings you!
The cane toad stings you but does no damage.
Your shield prevents you from hitting the cane toad.
The cane toad is almost dead.
The cane toad stings you! The cane toad closely misses you.
You completely miss the cane toad.
You tail-slap the cane toad, but do no damage.
The cane toad is almost dead.
The cane toad stings you!
You closely miss the cane toad.
The cane toad is almost dead.
The cane toad stings you! x2
* * * LOW HITPOINT WARNING * * *
The cane toad stings you!!
You die...

, .... * , ,#
.#.#.# . * ,
......###,,, .### ,
......#.###+#...#.,
,
........##....#..,
,,, **
........#../... , ,
.........♣.♣.♣#...
,
.....8.<..........
,
.......@F#.♣..#...
,
,.........#♣..#...
,
..................
..................
* .................
,
,.................
, *
.....#P####.##.##
#.##### ## * ##


You could see a cane toad and a friendly lightning spire (summoned).

Vanquished Creatures
  Pikel (D:5)
  2 elephants
  A cane toad (Lair:2)
  A blink frog (Lair:3)
  A redback (Lair:3)
  A wraith (Lair:4)
  4 yaks (D:10)
  A basilisk (Lair:1)
  5 porcupines
  3 water moccasins
  A sky beast (D:5)
  4 ogres
  4 bullfrogs
  2 scorpions
  2 centaur skeletons
  A centaur zombie (D:7)
  2 hounds (D:8)
  An orc priest (D:4)
  A bullfrog skeleton (D:5)
  5 orc wizards
  2 worker ants
  Natasha (thrice) (D:2)
  A hound zombie (D:5)
  2 hound skeletons
  A mummy (D:7)
  A worker ant zombie (D:6)
  3 gnolls
  8 adders
  3 shadow imps
  6 white imps
  An ufetubus (D:5)
  An adder zombie (D:5)
  A worm (D:4)
  2 leopard geckos
  20 orcs
  4 giant cockroaches
  6 goblins
  7 hobgoblins
  5 jackals
  2 kobolds (D:2)
  5 quokkas
  2 ball pythons (D:2)
  3 bats (D:2)
  2 frilled lizards
  A hobgoblin zombie (D:7)
  2 kobold zombies (D:7)
  6 rats
  A spectral orc (D:2)
144 creatures vanquished.

Vanquished Creatures (collateral kills)
  Josephine (Lair:4)
  4 hydras
  Fannar (D:10)
  5 death yaks (Lair:1)
  4 two-headed ogres
  Sonja (Lair:3)
  2 fire crabs (Lair:3)
  7 black mambas
  17 elephants
  Maggie (Lair:1)
  9 cane toads
  A rime drake (Lair:6)
  2 komodo dragons
  2 hornets (D:10)
  Prince Ribbit (D:8)
  A bog body (Lair:2)
  A hippogriff (Lair:3)
  7 blink frogs (Lair:3)
  2 redbacks (Lair:3)
  3 wraiths (Lair:4)
  21 yaks
  Sigmund (D:3)
  A wyvern (D:8)
  Grum (D:8)
  A basilisk (Lair:2)
  A steam dragon (Lair:4)
  8 water moccasins
  5 porcupines
  3 orc warriors
  An ice beast (D:8)
  3 black bears
  2 phantoms (D:6)
  4 wolves
  4 ogres
  13 crocodiles
  A lemure (D:5)
  9 bullfrogs
  A gnoll sergeant (D:10)
  2 scorpions
  A howler monkey (D:4)
  An electric eel (Lair:2)
  A nameless horror (D:10)
  A bullfrog zombie (D:10)
  A hound (D:7)
  2 jellies
  3 orc priests
  Crazy Yiuf (D:2)
  Jessica (D:2)
  2 iguanas
  7 orc wizards
  4 worker ants
  3 adders
  6 gnolls
  13 white imps
  An ufetubus (D:5)
  An ooze (D:2)
  An adder skeleton (D:5)
  2 dart slugs
  A leopard gecko (D:2)
  29 orcs
  2 giant cockroaches
  2 goblins (D:1)
  8 hobgoblins
  5 jackals
  2 kobolds
  3 ball pythons
  4 bats
  A kobold zombie (D:7)
  A rat (D:1)
264 creatures vanquished.

Vanquished Creatures (others)
  19 fungi
  5 plants
24 creatures vanquished.

Grand Total: 432 creatures vanquished

Notes
Turn   | Place    | Note
-------+----------+-------------------------------------------
     0 | D:1      | Mesmaeker13 the Draconian Summoner began the quest for the
                  | Orb.
     0 | D:1      | Reached XP level 1. HP: 14/14 MP: 3/3
   618 | D:1      | Reached XP level 2. HP: 18/20 MP: 3/5
  1572 | D:2      | Reached XP level 3. HP: 23/26 MP: 4/6
  1658 | D:2      | Noticed Natasha
  1672 | D:2      | Killed Natasha
  1715 | D:2      | Noticed Natasha
  1983 | D:2      | Found a runed translucent door.
  1984 | D:2      | Noticed Crazy Yiuf
  2024 | D:2      | Killed Natasha
  2024 | D:2      | Reached XP level 4. HP: 21/33 MP: 5/8
  2150 | D:2      | Learned a level 2 spell: Call Imp
  2420 | D:2      | Noticed Natasha
  2422 | D:2      | Noticed Jessica
  2775 | D:2      | Found a basalt altar of Yredelemnul.
  2851 | D:2      | Killed Natasha
  2914 | D:2      | Killed Jessica
  2951 | D:2      | Reached XP level 5. HP: 38/38 MP: 6/9
  3161 | D:2      | Killed Crazy Yiuf
  3249 | D:3      | Learned a level 3 spell: Call Canine Familiar
  3409 | D:3      | Noticed a water moccasin
  3572 | D:3      | Reached skill level 5 in Summonings
  4588 | D:3      | Found a shadowy altar of Dithmenos.
  4842 | D:3      | Noticed Sigmund
  4970 | D:4      | Reached XP level 6. HP: 39/45 MP: 6/11
  5250 | D:3      | Killed Sigmund
  5806 | D:4      | Your scales start taking on an icy white colour.
  5806 | D:4      | Reached XP level 7. HP: 32/50 MP: 8/13
  5806 | D:4      | Gained mutation: Your flesh is cold resistant. (rC+) [White
                  | Draconian growth]
  5812 | D:4      | Learned a level 4 spell: Summon Ice Beast
  6546 | D:4      | Noticed an air elemental
  6553 | D:4      | Found a glowing golden altar of the Shining One.
  6588 | D:4      | Found a stormy altar of Qazlal.
  6589 | D:4      | Noticed a fire elemental
  6590 | D:4      | Noticed a water elemental
  7171 | D:5      | Entered Level 5 of the Dungeon
  7171 | D:5      | Found a sacrificial altar of Ru.
  7229 | D:5      | Found the +3 Elemental Staff {rElec rF++ rC++ MR++ AC+5}
  7310 | D:5      | Reached skill level 6 in Summonings
  7310 | D:5      | Reached skill level 1 in Ice Magic
  7470 | D:5      | Found a staircase to the Ecumenical Temple.
  7479 | Temple   | Entered the Ecumenical Temple
  7719 | Temple   | Became a worshipper of Ashenzari the Shackled
  7921 | D:5      | Found an ornate altar of the Wu Jian Council.
  8014 | D:5      | Noticed Pikel
  8030 | D:5      | Killed Pikel
  8030 | D:5      | Reached skill level 5 in Dodging
  8030 | D:5      | Reached skill level 7 in Summonings
  8030 | D:5      | Reached XP level 8. HP: 33/57 MP: 14/14
  8176 | D:5      | Found a hide-covered altar of Uskayaw.
  9347 | D:6      | Reached skill level 5 in Ice Magic
 10208 | D:6      | Reached XP level 9. HP: 35/62 MP: 13/15
 10359 | D:7      | Reached skill level 8 in Summonings
 10548 | D:7      | Learned a level 4 spell: Summon Lightning Spire
 10882 | D:7      | Reached skill level 1 in Air Magic
 10958 | D:7      | Reached * piety under Ashenzari
 11381 | D:8      | Noticed Prince Ribbit
 11654 | D:8      | Killed Prince Ribbit
 12098 | D:9      | Noticed a two-headed ogre
 12285 | D:8      | Noticed Grum
 12292 | D:8      | Killed Grum
 12417 | D:8      | Noticed a two-headed ogre
 12428 | D:8      | Killed a two-headed ogre
 13063 | D:8      | Reached skill level 9 in Summonings
 13299 | D:9      | Found Zin's Purification Station.
 13299 | D:9      | Found a glowing silver altar of Zin.
 13514 | D:9      | Noticed a two-headed ogre
 13525 | D:9      | Killed a two-headed ogre
 13525 | D:9      | Reached skill level 1 in Shields
 13525 | D:9      | Reached XP level 10. HP: 66/69 MP: 8/16
 13552 | D:9      | Found a runed translucent door.
 13554 | D:9      | Noticed aaksess's ghost (novice DDHu)
 13554 | D:9      | Identified the +10 spear "Qyijooff" {venom, *Rage rPois
                  | MR+}
 13933 | D:9      | Killed a two-headed ogre
 14368 | D:10     | Entered Level 10 of the Dungeon
 14369 | D:10     | Noticed Fannar
 14735 | D:10     | Noticed a two-headed ogre
 14742 | D:10     | Killed a two-headed ogre
 14757 | D:10     | Reached skill level 5 in Spellcasting
 14762 | D:10     | Reached skill level 5 in Air Magic
 14952 | D:10     | Killed Fannar
 15174 | D:10     | Found a staircase to the Lair.
 15537 | D:10     | Reached skill level 10 in Summonings
 15558 | D:10     | Found a runed translucent gate.
 15560 | D:10     | Found a runed translucent gate.
 15560 | D:10     | Found a runed translucent gate.
 15561 | D:10     | Noticed vurker's ghost (journeyman MiHu)
 15673 | Lair:1   | Entered Level 1 of the Lair of Beasts
 15935 | Lair:1   | Reached XP level 11. HP: 74/74 MP: 16/19
 15948 | Lair:1   | Got the cursed robe of Noschoi {Regen+ Str-4 Int+2 Dex+3}
 15984 | Lair:1   | Reached ** piety under Ashenzari
 16074 | Lair:1   | Noticed Maggie
 16110 | Lair:1   | Killed Maggie
 17023 | Lair:2   | Noticed a death yak
 17023 | Lair:2   | Noticed a death yak
 17023 | Lair:2   | Noticed a death yak
 17023 | Lair:2   | Noticed a death yak
 17024 | Lair:2   | Noticed a death yak
 17041 | Lair:1   | Killed a death yak
 17283 | Lair:2   | Reached skill level 5 in Shields
 17310 | Lair:2   | Noticed a four-headed hydra
 17322 | Lair:2   | Killed a four-headed hydra
 17668 | Lair:2   | Noticed a four-headed hydra
 17677 | Lair:2   | Killed a four-headed hydra
 18308 | Lair:2   | Found a staircase to the Swamp.
 19010 | Lair:1   | Killed a death yak
 19076 | Lair:1   | Killed a death yak
 19086 | Lair:1   | Killed a death yak
 19093 | Lair:1   | Killed a death yak
 19312 | Lair:2   | Got the war axe of Tension {pain, *Rage +Blink Int+2}
 20355 | Lair:3   | Noticed Sonja
 20436 | Lair:3   | Noticed a five-headed hydra
 20446 | Lair:3   | Killed a five-headed hydra
 20446 | Lair:3   | Reached skill level 11 in Summonings
 20542 | Lair:3   | Killed Sonja
 20863 | Lair:3   | Found a runed translucent door.
 20943 | Lair:3   | Reached XP level 12. HP: 64/81 MP: 17/23
 20964 | Lair:3   | Noticed a six-headed hydra
 20970 | Lair:3   | Killed a six-headed hydra
 21155 | Lair:3   | Found a hole to the Spider Nest.
 21707 | Lair:3   | Noticed a ghost crab
 21707 | Lair:3   | Noticed an entropy weaver
 21707 | Lair:3   | Noticed an entropy weaver
 21707 | Lair:3   | Noticed a ghost crab
 21707 | Lair:3   | Noticed a ghost crab
 21730 | Lair:3   | Reached skill level 1 in Fighting
 21731 | Lair:3   | HP: 3/83 [something (10)]
 23155 | Lair:4   | Noticed Josephine
 23173 | Lair:4   | Killed Josephine
 23710 | Lair:4   | Reached *** piety under Ashenzari
 24477 | Lair:5   | Found a staircase to the Slime Pits.
 24478 | Lair:5   | Found a viscous altar of Jiyva.
 24633 | Lair:5   | Found a frozen archway.
 25389 | Lair:5   | Reached skill level 12 in Summonings
 25814 | Lair:6   | Entered Level 6 of the Lair of Beasts
 25852 | Lair:6   | Slain by a cane toad

Illustrated notes

Levels and vault maps discovered:
D:1:      lemuel_arrival_river_bridge, layout_basic
D:2:      layout_basic, yredelemnul_forgotten_temple_becter,
          uniq_crazy_yiuf_cottage, uniq_natasha, uniq_jessica
D:3:      layout_rooms, lemuel_crystal_altar, uniq_sigmund
D:4:      layout_loops_ring, nicolae_qazlal_style_of_elements, tso_metal_star
D:5:      layout_layer_cave, gammafunk_temple_overflow_forgotten,
          minmay_temple_entry_trees, uniq_pikel
D:6:      minmay_spotlight, layout_layer_cave, kennysheep_small_square
D:7:      layout_layer_cave, minmay_mini_ossuary
D:8:      layout_basic, corexii_hall_statues_i, uniq_grum, uniq_prince_ribbit1
D:9:      minmay_inner_zag, layout_loops_ring, zin_purify,
          ebering_ghost_funeral_grove
D:10:     layout_rooms, lair_entry_dummy, ebering_ghost_rock_garden, uniq_fannar
Temple:   regret_index_temple_generic_petals
Lair:1:   layout_regular_city, uniq_maggie
Lair:2:   layout_regular_city, skrybe_swamp_entry_bodies, serial_bayou_shore_a,
          lemuel_fruit_tree
Lair:3:   gammafunk_mikee_crab_dinner, layout_small_grid,
          spider_nest_entry_webs, minivault_23, grunt_megastairs_3, uniq_sonja
Lair:4:   layout_gridlike, serial_bayou_shore_b, uniq_josephine
Lair:5:   layout_regular_city, slime_altar_1, portal_ice_cave_entry_imps
Lair:6:   minmay_lair_end_enchanted_forest, layout_gridlike, grunt_megastairs_1

Skill      XL: |  1  2  3  4  5  6  7  8  9 10 11 12 |
---------------+-------------------------------------+-----
Dodging        | 2 3 4 5 6 7 |  7.5
Spellcasting   | 3 4 5 7 8 |  8.8
Summonings     | 5 7 9 10 11 12 | 12.0
Ice Magic      | 4 6 8 |  8.1
Air Magic      | 4 5 7 8 |  8.0
Shields        | 1 4 6 8 |  8.4
Fighting       | 4 |  4.8
Stealth        | |  1.7

Action                   |  1- 3 |  4- 6 |  7- 9 | 10-12 || total
-------------------------+-------+-------+-------+-------++-------
Melee: Unarmed           |    51 |       |       |     4 ||    55
       Tailslap          |    11 |    17 |    36 |    70 ||   134
       Dagger            |    48 |     3 |       |       ||    51
       Spear             |       |   199 |    35 |       ||   234
       Trident           |       |       |   327 |   496 ||   823
 Cast: Summon Small Mamm |    30 |    34 |       |       ||    64
       Call Imp          |       |    49 |    32 |       ||    81
       Call Canine Famil |       |       |    18 |       ||    18
       Summon Ice Beast  |       |       |    33 |   164 ||   197
       Summon Lightning  |       |       |       |    59 ||    59
Invok: Curse Item        |       |       |     1 |     1 ||     2
       Scrying           |       |       |       |     1 ||     1
 Abil: Breathe Frost     |       |       |     8 |     3 ||    11
Evoke: Wand              |       |       |     3 |    13 ||    16
       Lightning rod     |       |       |       |     3 ||     3
  Use: Scroll            |     2 |     8 |     9 |    14 ||    33
       Potion            |       |     6 |       |     2 ||     8
 Stab: Sleeping          |       |     2 |     4 |     3 ||     9
       Distracted        |       |     4 |     3 |     4 ||    11
Armor: Skin              |    39 |    52 |    79 |   134 ||   304
Dodge: Dodged            |    89 |   117 |   257 |   411 ||   874
Block: Kite shield       |       |       |       |   136 ||   136

Table legend: (Time is in decaauts)
 A = Elapsed time spent in this place.
 B = Non-inter-level travel time spent in this place.
 C = Inter-level travel time spent in this place.
 D = Time resting spent in this place.
 E = Time spent auto-exploring this place.
 F = Levels seen in this place.
 G = Mean time per level.
                   A        B        C        D        E       F      G
               +--------+--------+--------+--------+--------+-----+--------+
         Total |  26235 |  25249 |    986 |   9790 |  10481 |  17 | 1543.2 |
       Dungeon |  15637 |  15070 |    567 |   5077 |   6792 |  10 | 1563.7 |
        Temple |    263 |    210 |     53 |      0 |    198 |   1 |  263.0 |
          Lair |  10334 |   9968 |    366 |   4713 |   3491 |   6 | 1722.3 |
               +--------+--------+--------+--------+--------+-----+--------+

Top non-repeatable levels by time:
  Lair:3: 2636 daAuts
     D:2: 2383 daAuts
  Lair:1: 2279 daAuts
  Lair:2: 2053 daAuts
  Lair:4: 1898 daAuts
     D:4: 1781 daAuts
     D:8: 1635 daAuts
     D:5: 1613 daAuts
     D:1: 1582 daAuts
     D:3: 1511 daAuts
     D:9: 1508 daAuts
  Lair:5: 1422 daAuts
     D:6: 1308 daAuts
    D:10: 1240 daAuts
     D:7: 1071 daAuts
